 Dungeon Crawl Stone Soup version 0.28.0 (webtiles) character file.

Game seed: 6359798449081519383

1097 zeram the Cleaver (level 8, -4/63 (70) HPs)
             Began as a Hill Orc Fighter on Feb 6, 2022.
             Slain by a wight (13 damage)
             ... on level 6 of the Dungeon.
             The game lasted 00:06:49 (5741 turns).

zeram the Cleaver (Hill Orc Fighter)                Turns: 5741, Time: 00:06:50

HP:   -4/63 (70)    AC:  9    Str: 27    XL:     8   Next: 31%
MP:   8/8           EV: 10    Int:  8    God:
Gold: 407           SH:  4    Dex: 10    Spells: 7/7 levels left

rFire   . . .      SeeInvis .   a - +0 war axe
rCold   + . .      Faith    .   c - +0 buckler
rNeg    . . .      Spirit   .   b - +0 scale mail
rPois   .          Reflect  .   (no helmet)
rElec   .          Harm     .   o - scarf {repulsion}
rCorr   .          Rampage  .   (no gloves)
Will    .....                   y - +0 pair of boots
Stlth   ..........              (no amulet)
HPRegen 0.20/turn               l - ring of protection from cold
MPRegen 0.11/turn               q - +6 ring of strength

@: about to teleport, heavily drained, repel missiles
A: no striking features
a: no special abilities


You were on level 6 of the Dungeon.
You visited 1 branch of the dungeon, and saw 6 of its levels.

You collected 407 gold pieces.

Inventory:

Hand Weapons
 a - a +0 war axe (weapon)
Armour
 b - a +0 scale mail (worn)
 c - a +0 buckler (worn)
 o - a scarf of repulsion (worn)
 y - a +0 pair of boots (worn)
Jewellery
 e - a ring of wizardry
 l - a ring of protection from cold (left hand)
 q - a +6 ring of strength (right hand)
Wands
 r - a wand of mindburst (15)
 v - a wand of charming (6)
 w - a wand of paralysis (6)
 x - a wand of flame (3)
Scrolls
 f - a scroll of vulnerability
 g - a scroll of teleportation
 i - a scroll of immolation
 m - 4 scrolls of magic mapping
 n - a scroll of silence
 s - a scroll of fear {unknown}
 t - 3 scrolls of torment
Potions
 d - a potion of berserk rage
 h - a potion of magic {unknown}
 j - a potion of curing
 k - 2 potions of mutation
 p - 3 potions of flight
 u - a potion of ambrosia
 z - a potion of degeneration {unknown}


   Skills:
 + Level 5.7 Fighting
 + Level 8.5 Axes
 + Level 6.3 Armour
 + Level 1.7 Dodging
 + Level 4.4 Shields


You had 7 spell levels left.
You didn't know any spells.
Your spell library contained the following spells:

 Spells                   Type           Power      Damage    Failure   Level
 Magic Dart               Conj           0%         1d3       75%         1
 Shock                    Conj/Air       0%         1d3       75%         1
 Call Imp                 Summ           0%         N/A       87%         2
 Mephitic Cloud           Conj/Pois/Air  0%         N/A       98%         3
 Stone Arrow              Conj/Erth      0%         3d7       98%         3
 Swiftness                Air            0%         N/A       98%         3
 Airstrike                Air            0%         N/A       100%        4
 Animate Armour           Summ/Erth      0%         N/A       100%        4
 Lehudib's Crystal Spear  Conj/Erth      0%         10d2      100%        8


Dungeon Overview and Level Annotations

Branches:
Dungeon (6/15)
 Temple: D:4-7

Altars:
Elyvilon
Sif Muna

Shops:
D:4 [


Message History

You barely miss the wight.
The wight hits you with a +0 great sword.
You closely miss the wight.
The wight hits you with a +0 great sword!
You hit the wight but do no damage. The wight closely misses you. x2
You slash the wight!
The wight is heavily damaged.
You block the wight's attack.
You barely miss the wight.
The wight is heavily damaged.
You hit the wight but do no damage.
The wight is heavily damaged.
The wight throws a stone.
The stone misses you. The wight barely misses you.
You block the wight's attack.
You hit the wight.
The wight is heavily damaged.
You hit the wight but do no damage. x2; The wight misses you.
The wight hits you with a +2 falchion of freezing.
You feel drained.
The wight hits you with a +3 short sword.
You hit the wight.
The wight is almost destroyed.
You barely miss the wight. x2
The wight hits you with a +0 great sword!
You feel drained.
The wight hits you with a +2 falchion of freezing!
* * * LOW HITPOINT WARNING * * *
You feel drained.
* * * LOW HITPOINT WARNING * * *
The wight freezes you.
* * * LOW HITPOINT WARNING * * *
The wight hits you with a +3 short sword.
* * * LOW HITPOINT WARNING * * *
You feel drained.
* * * LOW HITPOINT WARNING * * *
As you read the scroll of teleportation, it crumbles to dust.
You feel strangely unstable. The wight barely misses you.
The wight hits you but does no damage.
The wight hits you with a +3 short sword!
You die...

....................#
....##.....
#.#.#.#.#.#.#.#.#.........
#..... .................>#
..... ..#...
.#.#.#.#.#.#.#.#..#.....
...##..
...)..............#....>
.... #..
#.#.#.#.#.#.#.#.........
........................
.#.#.#.#.#.#.#..........
................@z.....!
..#.#.#.#.#.#...zz...... .
.............##......... .
...#....##...###:....... .
###....##...## .........
#....##.### ......... .
##...#.. ......... .
......# .......... # .....
.


You could see 3 wights.

Vanquished Creatures
  A water moccasin (D:6)
  A necrophage (D:5)
  An ogre (D:4)
  3 scorpions
  A bullfrog zombie (D:5)
  A centaur skeleton (D:5)
  3 hounds
  A jelly (D:6)
  3 orc priests
  An iguana (D:6)
  5 orc wizards
  2 hound skeletons
  3 gnolls (D:3)
  4 adders
  2 adder skeletons
  2 worms
  32 orcs
  3 bats (D:1)
  5 endoplasms
  2 giant cockroaches
  8 goblins
  3 hobgoblins
  6 jackals
  5 quokkas
  9 ball pythons
  3 frilled lizards
  5 kobolds
  A quokka skeleton (D:4)
  8 rats
124 creatures vanquished.

Notes
Turn   | Place    | Note
-------+----------+-------------------------------------------
     0 | D:1      | zeram the Hill Orc Fighter began the quest for the Orb.
     0 | D:1      | Reached XP level 1. HP: 19/19 MP: 1/1
   172 | D:1      | Reached XP level 2. HP: 26/27 MP: 2/2
   340 | D:1      | Reached skill level 3 in Axes
   410 | D:1      | Reached XP level 3. HP: 33/33 MP: 3/3
  1661 | D:3      | Reached XP level 4. HP: 40/40 MP: 4/4
  1774 | D:3      | Reached skill level 4 in Axes
  2214 | D:3      | Reached XP level 5. HP: 46/46 MP: 5/5
  2665 | D:3      | Found a shimmering blue altar of Sif Muna.
  3035 | D:4      | Reached skill level 5 in Axes
  3035 | D:4      | Reached XP level 6. HP: 44/53 MP: 6/6
  3592 | D:4      | Found Roagutait's Armour Boutique.
  3616 | D:4      | Reached skill level 5 in Armour
  3733 | D:4      | Reached skill level 1 in Dodging
  3753 | D:4      | Reached skill level 6 in Axes
  3955 | D:4      | Reached XP level 7. HP: 39/60 MP: 7/7
  4476 | D:5      | Entered Level 5 of the Dungeon
  4522 | D:5      | Reached skill level 5 in Fighting
  4535 | D:5      | Reached skill level 7 in Axes
  5194 | D:6      | Reached XP level 8. HP: 59/69 MP: 8/8
  5256 | D:6      | Reached skill level 8 in Axes
  5389 | D:6      | Found a white marble altar of Elyvilon.
  5741 | D:6      | Slain by a wight

Illustrated notes

Levels and vault maps discovered:
D:1:      dpeg_arrival_central, layout_rooms, serial_forest,
          infiniplex_forest_lined_3, infiniplex_forest_3_way,
          infiniplex_forest_lined_corner, infiniplex_forest_end_2,
          infiniplex_forest_clump_medium, infiniplex_forest_fountain,
          infiniplex_forest_lined_2, infiniplex_forest_clump_diagonal,
          infiniplex_forest_straight_1
D:2:      layout_basic, minmay_cut_off
D:3:      layout_basic, kennysheep_orc_sif_temple, grunt_ministairs_8
D:4:      layout_cave_pools, serial_column_ruins, column_ruins_hut_water,
          column_ruins_hut_pillars, column_ruins_columns_straight,
          column_ruins_grid_1, column_ruins_grid_4,
          column_ruins_columns_straight, column_ruins_open_tiny,
          column_ruins_open_tiny_water, column_ruins_corridor_plus,
          serial_shops, nicolae_shop_stone, kennysheep_diamond, st_stairs_12,
          minmay_quantized
D:5:      layout_rooms, glass_columns_c
D:6:      layout_cave_pools, mainiacjoe_overflow_paths, hex_large

Skill      XL: |  1  2  3  4  5  6  7  8 |
---------------+-------------------------+-----
Axes           | 3 4 5 6 7 8 |  8.5
Fighting       | 4 5 |  5.7
Armour         | 4 5 6 |  6.3
Shields        | 4 |  4.4
Dodging        | 1 |  1.7

Action                   |  1- 3 |  4- 6 |  7- 9 || total
-------------------------+-------+-------+-------++-------
Melee: War axe           |    94 |   127 |   148 ||   369
Evoke: Wand              |       |       |     2 ||     2
  Use: Scroll            |     6 |       |     7 ||    13
       Potion            |       |     1 |     3 ||     4
 Stab: Paralysed         |       |       |     2 ||     2
Armor: Scale mail        |    35 |    34 |    63 ||   132
Dodge: Dodged            |    49 |    49 |    78 ||   176
       Repelled          |       |       |     1 ||     1
Block: Buckler           |    23 |    20 |    29 ||    72
